 Dungeon Crawl Stone Soup version 0.30-a0-634-g8abc85282e (webtiles) character file.

Game seed: 17059520723498347295

9682 PyroL the Warmonger (level 11, -2/90 HPs)
             Began as a Demonspawn Fighter on Jan 14, 2023.
             Was a High Priest of Okawaru.
             Slain by a centaur warrior
             ... wielding a +0 club
              (9 damage)
             ... on level 9 of the Dungeon on Jan 15, 2023.
             The game lasted 00:21:05 (10944 turns).

PyroL the Warmonger (Demonspawn Fighter)           Turns: 10944, Time: 00:21:05

Health: -2/90      AC: 14    Str: 21    XL:     11   Next: 26%
Magic:  18/18      EV: 15    Int:  9    God:    Okawaru [*****.]
Gold:   768        SH:  5    Dex: 13    Spells: 10/10 levels left

rFire   . . .      SeeInvis .    n - +7 rapier of Extremism {venom, rPois Will+}
rCold   . . .      Faith    .    c - +0 buckler
rNeg    . . .      Spirit   .    H - +1 steam dragon scales
rPois   +          Reflect  .    (helmet restricted)
rElec   .          Harm     .    o - +0 cloak
rCorr   .          Rampage  .    E - +0 pair of gloves
Will    +....                    D - +0 pair of boots
Stlth   +                        (no amulet)
HPRegen 0.35/turn                h - +5 ring of evasion
MPRegen 0.32/turn                (no ring)

@: about to teleport, slowed, very slow
A: antennae 1, thin metallic scales 1, foul stench 1, magic regeneration
a: Renounce Religion, Heroism, Finesse, Duel


You were on level 9 of the Dungeon.
You worshipped Okawaru.
Okawaru was extremely pleased with you.
You visited 2 branches of the dungeon, and saw 10 of its levels.
You also visited: Ossuary.

You collected 768 gold pieces.

Inventory:

Hand Weapons
 n - the +7 rapier of Extremism (weapon) {venom, rPois Will+}
   (You found it on level 3 of the Dungeon)

   rPois:     It protects you from poison.
   Will:      It increases your willpower.
 y - the +7 dagger of Hynib {flame, rPois Int+3 SInv}
   (You found it on level 5 of the Dungeon)

   Int:       It affects your intelligence (+3).
   rPois:     It protects you from poison.
   SInv:      It lets you see invisible.
 Q - the +6 sling "Uddej" {heavy, rPois}
   (You found it on level 9 of the Dungeon)

   rPois:     It protects you from poison.
Missiles
 j - 16 poisoned darts (quivered)
 u - a throwing net
Armour
 c - a +0 buckler (worn)
 o - a +0 cloak (worn)
 D - a +0 pair of boots (worn)
 E - a +0 pair of gloves (worn)
 H - +1 steam dragon scales (worn)
Jewellery
 h - a +5 ring of evasion (left hand)
 l - an amulet of faith
 t - a ring of ice
Wands
 A - a wand of flame (22)
 F - a wand of paralysis (15)
 I - a wand of light (13)
 P - a wand of digging (3)
Scrolls
 a - 5 scrolls of teleportation
 e - 2 scrolls of amnesia {unknown}
 k - a scroll of fear {unknown}
 m - 3 scrolls of enchant armour {unknown}
 r - a scroll of magic mapping
 s - 2 scrolls of vulnerability {unknown}
 v - a scroll of noise {unknown}
 z - a scroll of blinking {unknown}
 B - 2 scrolls of summoning {unknown}
 C - 3 scrolls of fog {unknown}
 G - a scroll of poison {unknown}
 K - a scroll of brand weapon {unknown}
 L - 4 scrolls of enchant weapon
 N - 4 scrolls of identify
Potions
 b - a potion of invisibility {unknown}
 d - 4 potions of might
 f - 7 potions of curing
 g - 3 potions of mutation
 i - 3 potions of heal wounds
 p - 3 potions of cancellation
 q - 4 potions of brilliance
 w - 2 potions of attraction
 x - 2 potions of flight
 J - a potion of lignification {unknown}
 M - 2 potions of magic {unknown}
 O - a potion of haste {unknown}


   Skills:
 + Level 9.9 Fighting
 - Level 5.1 Short Blades
 - Level 2.5(2.6) Axes
 - Level 0.6(1.7) Maces & Flails
 - Level 10.0 Armour
 - Level 5.0 Shields
 - Level 0.8 Unarmed Combat
 - Level 0.4 Earth Magic
 - Level 10.0 Invocations


You had 10 spell levels left.
You didn't know any spells.
Your spell library contained the following spells:

 Spells                   Type           Power      Damage    Failure   Level
 Sandblast                Erth           0%         2d4       41%         1
 Apportation              Tloc           0%         N/A       45%         1
 Foxfire                  Conj/Fire      0%         2x1d4     45%         1
 Necrotise                Necr           0%         1d4       45%         1
 Slow                     Hex            0%         N/A       45%         1
 Passwall                 Tmut/Erth      0%         N/A       58%         2
 Stone Arrow              Conj/Erth      0%         3d7       82%         3
 Confusing Touch          Hex            0%         N/A       83%         3
 Frozen Ramparts          Ice            0%         1d1       83%         3
 Gell's Gravitas          Tloc           0%         N/A       83%         3
 Teleport Other           Tloc           0%         N/A       83%         3
 Vampiric Draining        Necr           0%         2d6       83%         3
 Ice Form                 Ice/Tmut       0%         N/A       99%         4
 Petrify                  Tmut/Erth      0%         N/A       99%         4
 Agony                    Necr           0%         N/A       100%        5
 Fireball                 Conj/Fire      0%         3d3       100%        5
 Metabolic Englaciation   Hex/Ice        0%         N/A       100%        5
 Dispersal                Tloc           0%         N/A       100%        6
 Starburst                Conj/Fire      0%         6d3       100%        6
 Statue Form              Tmut/Erth      0%         N/A       100%        6
 Summon Small Mammal      Summ           Unusable   N/A       N/A         1
 Summon Ice Beast         Ice/Summ       Unusable   N/A       N/A         4

Dungeon Overview and Level Annotations

Branches:
Dungeon (9/15)             Temple (1/1) D:5         Ossuary (visited)
   Lair: D:8-11         Orc: D:9-12

Altars:
Ashenzari
Cheibriados
Dithmenos
Fedhas
Gozag
Hepliaklqana
Kikubaaqudgha
Makhleb
Nemelex Xobeh
Okawaru
Ru
Uskayaw
Vehumet
Wu Jian
Xom
Yredelemnul

Shops:
D:5 ?

Annotations:
D:7 3 runed translucent doors, BradSin's ghost, amateur TeAE; Newt's ghost, novice DsGl; sirJeffrey23's ghost, novice OgMo; superbruh's ghost, novice DsGl; zazu2006's ghost, novice NaHW


Innate Abilities, Weirdness & Mutations

You have a pair of small antennae on your head.
You are partially covered in thin metallic scales. (AC +2)
You may rarely emit foul miasma when damaged in melee.
You regenerate magic rapidly.


Message History

The centaur warrior shoots an arrow.
The arrow closely misses you.
The centaur warrior shoots an arrow.
The arrow completely misses you.
The centaur warrior unwields a +0 great sword.
The centaur warrior wields a +0 shortbow.
The centaur warrior shoots an arrow.
The arrow closely misses you.
The centaur warrior shoots an arrow.
The arrow hits you!
* * * LOW HITPOINT WARNING * * *
Okay, then.
The centaur warrior shoots an arrow.
The arrow barely misses you.
The centaur warrior shoots an arrow.
The arrow closely misses you.
The centaur warrior shoots an arrow.
The arrow hits you.
* * * LOW HITPOINT WARNING * * *
The centaur warrior shoots an arrow.
The arrow hits you.
* * * LOW HITPOINT WARNING * * *
The centaur warrior shoots an arrow.
The arrow misses you.
The centaur warrior shoots an arrow.
The arrow barely misses you.
The centaur warrior unwields a +0 shortbow.
The centaur warrior wields a +0 great sword.
The centaur warrior hits you with a +0 great sword!
* * * LOW HITPOINT WARNING * * *
You block the centaur warrior's attack.
The centaur warrior unwields a +0 shortbow.
The centaur warrior wields a +0 club.
The centaur warrior hits you with a +0 club!
* * * LOW HITPOINT WARNING * * *
The centaur warrior barely misses you.
The centaur warrior completely misses you.
The centaur warrior kicks you but does no damage.
The centaur warrior hits you but does no damage.
The centaur warrior kicks you but does no damage.
As you read the scroll labelled HOUCRE KUGETHE, it crumbles to dust.
You feel strangely unstable.
It was a scroll of teleportation.
You block the centaur warrior's attack.
The centaur warrior kicks you but does no damage.
The centaur warrior hits you with a +0 club.
* * * LOW HITPOINT WARNING * * *
The centaur warrior kicks you but does no damage.
The centaur warrior barely misses you. The centaur warrior misses you.
The centaur warrior hits you with a +0 club!
You die...

.#..#####..#.#.#.#.#.#.##...#
.#.##...##.#.........#.#.....
.#.#.....#.#.#.#.#.#.#.......
.........#......)......#
.#.#.....#.#.#.#.#.#.#.# #
.#.##...##.#.........#.##..#
.#..#####..#.#.#(#.#.#C....#
.##.......##.........#).##.#
.#####.#########@#####.## .#
#..#..##...cc..##.# .
##..#.#..#####..#.#
.#......##.#.## ##(#.#
.#.#.#.##.##.# #)#.. ...#
###.....# #.......#
#.....#.#.# #.#......
..###...#.# #.#.#....
...#.#.. ..# # <..


You could see 2 centaur warriors.

Vanquished Creatures
  3 two-headed ogres
  A centaur warrior (D:9)
  Pikel (D:6)
  2 cyclopes (D:9)
  Maggie (D:7)
  A hornet (D:8)
  Sigmund (D:5)
  2 wraiths (D:9)
  2 wyverns
  3 yaks
  2 steam dragons
  Edmund (D:5)
  An acid dragon (D:8)
  Duvessa (D:7)
  3 water moccasins
  8 orc warriors
  An ice beast (D:6)
  3 black bears
  An ogre (D:6)
  A centaur (D:6)
  A phantom (D:4)
  A kobold brigand (D:8)
  A gnoll sergeant (D:9)
  4 bullfrogs
  2 necrophages
  2 scorpions (D:6)
  4 wights
  A water moccasin zombie (Ossuary)
  Dowan (D:7)
  6 killer bees (D:9)
  A howler monkey (D:4)
  3 centaur zombies (Ossuary)
  A human zombie (Ossuary)
  A gnoll bouda (D:7)
  3 bullfrog zombies (Ossuary)
  3 orc priests
  A hound (D:5)
  3 jellies
  4 iguanas
  8 orc wizards
  An ogre zombie (Ossuary)
  4 gnolls (D:7)
  16 adders
  A shadow imp (D:6)
  4 white imps
  2 ufetubi
  2 adder zombies (Ossuary)
  2 worms
  3 dart slugs
  21 orcs
  2 bats
  4 endoplasms
  3 giant cockroaches
  5 gnoll zombies (Ossuary)
  9 hobgoblins
  4 jackals
  4 quokkas
  3 ball pythons
  4 frilled lizards
  7 goblins
  2 goblin zombies (Ossuary)
  3 hobgoblin zombies (Ossuary)
  8 kobolds
  2 orc zombies (Ossuary)
  13 rats
219 creatures vanquished.

Notes
Turn   | Place    | Note
-------+----------+-------------------------------------------
     0 | D:1      | PyroL the Demonspawn Fighter began the quest for the Orb.
     0 | D:1      | Reached XP level 1. HP: 18/18 MP: 1/1
   132 | D:1      | Gained mutation: You regenerate magic rapidly. [demonic
                  | ancestry]
   132 | D:1      | Reached XP level 2. HP: 17/24 MP: 2/2
   915 | D:2      | Reached XP level 3. HP: 29/29 MP: 3/3
  1380 | D:3      | Identified the +7 rapier of Extremism {venom, rPois Will+}
  1511 | D:3      | Reached XP level 4. HP: 37/37 MP: 4/4
  2060 | D:4      | Reached skill level 5 in Fighting
  2060 | D:4      | Reached XP level 5. HP: 32/44 MP: 5/5
  2353 | D:4      | Noticed a phantom
  2369 | D:4      | Killed a phantom
  2427 | D:4      | Reached XP level 6. HP: 52/52 MP: 6/6
  2654 | D:4      | Found a shadowy altar of Dithmenos.
  2654 | D:4      | Found an iron altar of Okawaru.
  2766 | D:4      | Became a worshipper of Warmaster Okawaru
  3124 | D:5      | Entered Level 5 of the Dungeon
  3154 | D:5      | Found a staircase to the Ecumenical Temple.
  3191 | Temple   | Entered the Ecumenical Temple
  3330 | D:5      | Identified the +7 dagger of Hynib {flame, rPois Int+3 SInv}
  3363 | D:5      | Found Junnyress's Magic Scroll Emporium.
  3695 | D:5      | Found a radiant altar of Vehumet.
  3797 | D:5      | Reached XP level 7. HP: 60/60 MP: 7/7
  3804 | D:5      | Noticed Sigmund
  3823 | D:5      | Killed Sigmund
  3823 | D:5      | Reached * piety under Okawaru
  3840 | D:5      | Noticed Edmund
  3861 | D:5      | Killed Edmund
  4015 | D:5      | Reached skill level 5 in Shields
  4250 | D:6      | Reached skill level 1 in Invocations
  4271 | D:6      | Reached skill level 1 in Short Blades
  4294 | D:6      | Gained mutation: You are partially covered in thin metallic
                  | scales. (AC +2) [demonic ancestry]
  4294 | D:6      | Reached XP level 8. HP: 60/67 MP: 9/9
  4580 | D:6      | Reached ** piety under Okawaru
  4922 | D:6      | Reached skill level 5 in Invocations
  4926 | D:6      | Noticed Pikel
  4941 | D:6      | Paralysed by Pikel for 3 turns
  4949 | D:6      | Killed Pikel
  4950 | D:6      | Reached skill level 5 in Armour
  4950 | D:6      | Reached XP level 9. HP: 22/72 MP: 11/13
  5417 | D:7      | Noticed Maggie
  5450 | D:7      | Killed Maggie
  5450 | D:7      | Reached *** piety under Okawaru
  5821 | D:7      | Found a runed translucent gate.
  5821 | D:7      | Found a runed translucent gate.
  5821 | D:7      | Found a runed translucent gate.
  5821 | D:7      | Noticed zazu2006's ghost (novice NaHW)
  5822 | D:7      | Noticed superbruh's ghost (novice DsGl)
  5822 | D:7      | Noticed Newt's ghost (novice DsGl)
  5822 | D:7      | Noticed sirJeffrey23's ghost (novice OgMo)
  5822 | D:7      | Noticed BradSin's ghost (amateur TeAE)
  5902 | D:7      | Reached skill level 5 in Short Blades
  6069 | D:7      | Noticed Dowan
  6070 | D:7      | Noticed Duvessa
  6075 | D:7      | Killed Dowan
  6084 | D:7      | Killed Duvessa
  6374 | D:7      | Upgraded the game from 0.30-a0-632-g346586fe48 to
                  | 0.30-a0-634-g8abc85282e
  6505 | D:8      | Noticed a two-headed ogre
  6837 | D:8      | Found a sand-covered staircase.
  6844 | Ossuary  | Entered an ossuary
  6952 | Ossuary  | Reached **** piety under Okawaru
  7079 | Ossuary  | Noticed a silent spectre
  7091 | Ossuary  | Identified the +2 leather armour of Iffidil {rN++}
  7343 | D:8      | Gained mutation: You may rarely emit foul miasma when
                  | damaged in melee. [demonic ancestry]
  7343 | D:8      | Reached XP level 10. HP: 79/79 MP: 16/16
  7394 | D:8      | Noticed a two-headed ogre
  7418 | D:8      | Killed a two-headed ogre
  7733 | D:8      | Reached skill level 10 in Invocations
  8450 | D:8      | Killed a two-headed ogre
  8450 | D:8      | Reached ***** piety under Okawaru
  9966 | D:9      | Noticed a two-headed ogre
 10002 | D:9      | Killed a two-headed ogre
 10360 | D:9      | Gained mutation: You have a pair of small antennae on your
                  | head. [demonic ancestry]
 10360 | D:9      | Reached XP level 11. HP: 25/86 MP: 18/18
 10646 | D:8      | Reached skill level 10 in Armour
 10743 | D:9      | Identified the +6 sling "Uddej" {heavy, rPois}
 10901 | D:9      | Noticed a centaur warrior
 10920 | D:9      | Noticed a centaur warrior
 10923 | D:9      | Killed a centaur warrior
 10923 | D:9      | Noticed a centaur warrior
 10944 | D:9      | Slain by a centaur warrior

Illustrated notes

Levels and vault maps discovered:
D:1:      dpeg_arrival_ratfight, layout_loops_ring, grunt_decor_arrowhead,
          amethyst_killhole
D:2:      layout_loops_ring, basic_altar
D:3:      layout_basic, dk_noncrumbling_2
D:4:      kennysheep_six_static_rooms, layout_basic,
          gammafunk_temple_overflow_wave, reono_crystal_passage,
          nicolae_half_adder
D:5:      layout_loops_ring, mainiacjoe_overflow_catwalk,
          minmay_temple_entry_stoned_glass, serial_shops, nicolae_diamond_shop,
          chequers_arboretum, sigmund_edmund_badplayer
D:6:      layout_rooms, uniq_pikel
D:7:      layout_basic, gammafunk_ghost_cemetery, uniq_maggie, uniq_duvessa
D:8:      layout_loops_corners, chequers_ossuary_entry_cave,
          kennysheep_opposing_triangles
D:9:      minmay_the_grid_4x2 [minmay_the_grid_fan, minmay_the_grid_mess,
          minmay_the_grid_dragon_b, minmay_the_grid_box_x,
          minmay_the_grid_minigrid_small, minmay_the_grid_stretched_grid,
          minmay_the_grid_medium_cups, minmay_the_grid_prize_inner_circle],
          layout_loops_corners, mainiacjoe_overflow_brackets,
          lemuel_round_altar, hangedman_abyss_or_decor_clamps,
          ebering_dispersal_statue_hall
Temple:   nicolae_temple_superstar

Skill      XL: |  1  2  3  4  5  6  7  8  9 10 11 |
---------------+----------------------------------+-----
Axes           | 2 |  2.5
Fighting       | 4 5 6 7 8 9 |  9.9
Shields        | 5 |  5.0
Invocations    | 2 6 9 10 | 10.0
Short Blades   | 1 4 5 |  5.1
Armour         | 3 5 7 9 10 | 10.0
Maces & Flails | |  0.6
Unarmed Combat | |  0.8
Earth Magic    | |  0.4

Action                   |  1- 3 |  4- 6 |  7- 9 | 10-12 || total
-------------------------+-------+-------+-------+-------++-------
Melee: War axe           |    95 |       |       |       ||    95
       Rapier            |    10 |   140 |   328 |   246 ||   724
       Dagger            |       |       |    19 |     7 ||    26
Throw: Dart              |       |     5 |       |     2 ||     7
  Use: Scroll            |     3 |     3 |     4 |     1 ||    11
 Stab: Sleeping          |       |       |     1 |       ||     1
Armor: Scale mail        |    33 |    43 |    51 |       ||   127
       Steam dragon scal |       |       |    77 |    88 ||   165
Dodge: Dodged            |    66 |    81 |   246 |   187 ||   580
Block: Buckler           |    21 |    31 |    92 |    77 ||   221

Table legend: (Time is in decaauts)
 A = Elapsed time spent in this place.
 B = Non-inter-level travel time spent in this place.
 C = Inter-level travel time spent in this place.
 D = Time resting spent in this place.
 E = Time spent auto-exploring this place.
 F = Levels seen in this place.
 G = Mean time per level.
                   A        B        C        D        E       F      G
               +--------+--------+--------+--------+--------+-----+--------+
         Total |  11049 |  10751 |    298 |   2106 |   6367 |  11 | 1004.5 |
       Dungeon |  10640 |  10342 |    298 |   2102 |   6228 |   9 | 1182.2 |
        Temple |    104 |    104 |      0 |      0 |     73 |   1 |  104.0 |
       Ossuary |    303 |    303 |      0 |      4 |     66 |   1 |  303.0 |
               +--------+--------+--------+--------+--------+-----+--------+

Top non-repeatable levels by time:
     D:8: 3252 daAuts
     D:7: 1239 daAuts
     D:4: 1182 daAuts
     D:6: 1076 daAuts
     D:5: 1028 daAuts
     D:9: 854 daAuts
     D:1: 748 daAuts
     D:3: 634 daAuts
     D:2: 623 daAuts
 Ossuary: 303 daAuts
  Temple: 104 daAuts
